 Dungeon Sprint DCSS version 0.19.5 (webtiles) character file.

630 Mesmaeker13 the Fighter (level 7, 0/130 HPs)
             Began as an Ogre Hunter on May 4, 2017.
             Was an Initiate of Trog.
             Slain by a centaur warrior
             ... wielding a cursed +0 shortbow
              (12 damage)
             ... in the Dungeon (Sprint I: "Red Sonja").
             The game lasted 00:02:16 (917 turns).

Mesmaeker13 the Fighter (Ogre Hunter)                Turns: 917, Time: 00:02:17

Health: 0/130      AC:  3    Str: 25    XL:     7   Next: 48%
Magic:  7/7        EV: 13    Int: 10    God:    Trog [......]
Gold:   241        SH:  0    Dex: 10    Spells: 0 memorised, 6 levels left

rFire  . . .     SeeInvis .     a - +0 giant spiked club
rCold  . . .     Gourm    .     b - +0 robe
rNeg   . . .     Faith    .     (shield currently unavailable)
rPois  .         Spirit   .     (helmet restricted)
rElec  .         Reflect  .     (no cloak)
rCorr  .         Harm     .     (gloves unavailable)
MR     .....     NoTele   +     (boots unavailable)
Stlth  ..........               (no amulet)
                                (no ring)
                                (no ring)

@: berserking, very quick
A: unfitting armour, tough skin 1
a: Burn Spellbooks, Renounce Religion


You were in the Dungeon.
You worshipped Trog.
Trog was noncommittal.
You were not hungry.

You visited 1 branch You collected 297 gold pieces.
You spent 56 gold pieces at shops.

Inventory:

Hand Weapons
 a - a +0 giant spiked club (weapon)
 l - a +10 club
Missiles
 c - 5 large rocks (quivered)
 d - 2 throwing nets
Armour
 b - a +0 robe (worn)
Scrolls
 k - a scroll of blinking
 m - a scroll of fog
 n - a scroll of identify
Potions
 h - a potion of haste
 i - 2 potions of magic
Comestibles
 f - a bread ration


   Skills:
 + Level 10.7 Fighting
 + Level 9.5 Maces & Flails
 - Level 9.1 Throwing
 + Level 7.6 Dodging
 - Level 0.6 Stealth


You had 6 spell levels left.
You didn't know any spells.

Dungeon Overview and Level Annotations

Branches:
Dungeon (1/1)

Altars:
Cheibriados
Dithmenos
Elyvilon
Fedhas
Gozag
Hepliaklqana
Kikubaaqudgha
Makhleb
Nemelex Xobeh
Okawaru
Qazlal
Ru
Sif Muna
Trog
Uskayaw
Vehumet
Xom
Yredelemnul
Zin
The Shining One
Jiyva
Lugonu

Shops:
D ?


Innate Abilities, Weirdness & Mutations

You are too large for most types of armour.
You have tough skin. (AC +1)


Message History

* * * LOW HITPOINT WARNING * * *
The centaur warrior hits you with a shortbow.
* * * LOW HITPOINT WARNING * * *
You feel better. The centaur warrior misses you.
The centaur warrior hits you with a shortbow.
* * * LOW HITPOINT WARNING * * *
A red film seems to cover your vision as you go berserk!
You feel yourself moving faster!
You feel mighty!
The centaur warrior hits you with a shortbow!
* * * LOW HITPOINT WARNING * * *
You hit the centaur warrior.
The centaur warrior is lightly wounded.
The centaur warrior hits you with a shortbow.
* * * LOW HITPOINT WARNING * * *
You beat the centaur warrior like a drum!!!
The centaur warrior is severely wounded.
The centaur warrior hits you with a shortbow.
* * * LOW HITPOINT WARNING * * *
The centaur warrior hits you with a shortbow!
You die...

###################
#<.#..'..#.)'@.#__#
#..'.)#..'..#c.(..+
#..#####'#####'#__# ##
#..####..#...#(####%[#
#..#__####..##(#§≈§.§#
#..#_____##'#..(≈≈§.§
#⌠⌠#_.∩...'..._#≈≈§cc#
####_..__##_.#+##+####
#_____###+#


You could see a centaur warrior.

Vanquished Creatures
  A slime creature (D)
  Sigmund (D)
  A yak (D)
  An ogre (D)
  A jelly (D)
  Ijyb (D)
6 creatures vanquished.

Notes
Turn   | Place    | Note
-------+----------+-------------------------------------------
     0 | D        | Mesmaeker13 the Ogre Hunter began the quest for the Orb.
     0 | D        | Reached XP level 1. HP: 22/22 MP: 1/1
     1 | D        | Noticed Ijyb
     4 | D        | Killed Ijyb
     4 | D        | Reached skill level 5 in Fighting
     4 | D        | Reached skill level 5 in Throwing
     4 | D        | Reached XP level 2. HP: 29/35 MP: 2/2
     4 | D        | Reached XP level 3. HP: 34/42 MP: 3/3
    12 | D        | Noticed an ogre
    15 | D        | Killed an ogre
    15 | D        | Reached skill level 6 in Fighting
    15 | D        | Reached XP level 4. HP: 24/53 MP: 4/4
   187 | D        | Noticed Sigmund
   195 | D        | Killed Sigmund
   195 | D        | Reached skill level 8 in Fighting
   195 | D        | Reached XP level 5. HP: 66/66 MP: 5/5
   195 | D        | Reached XP level 6. HP: 74/74 MP: 6/6
   207 | D        | Found a deep blue altar of Sif Muna.
   209 | D        | Found a radiant altar of Vehumet.
   213 | D        | Reached skill level 9 in Fighting
   361 | D        | Found Tasak's Magic Scroll Emporium.
   361 | D        | Found an ancient bone altar of Kikubaaqudgha.
   361 | D        | Found a hazy altar of Hepliaklqana.
   361 | D        | Found a hide-covered altar of Uskayaw.
   361 | D        | Found a basalt altar of Yredelemnul.
   361 | D        | Found an opulent altar of Gozag.
   361 | D        | Found a snail-covered altar of Cheibriados.
   361 | D        | Found a sacrificial altar of Ru.
   361 | D        | Found a shadowy altar of Dithmenos.
   361 | D        | Noticed a yak
   362 | D        | Found a stormy altar of Qazlal.
   362 | D        | Found a blossoming altar of Fedhas.
   362 | D        | Found a bloodstained altar of Trog.
   362 | D        | Found an iron altar of Okawaru.
   362 | D        | Found a glowing golden altar of the Shining One.
   362 | D        | Found a glowing silver altar of Zin.
   362 | D        | Found a white marble altar of Elyvilon.
   371 | D        | Killed a yak
   371 | D        | Reached skill level 10 in Fighting
   371 | D        | Reached XP level 7. HP: 31/85 MP: 7/7
   372 | D        | Found a sparkling altar of Nemelex Xobeh.
   376 | D        | Bought a scroll of fog for 28 gold pieces
   376 | D        | Bought a scroll of identify for 28 gold pieces
   377 | D        | Became a worshipper of Trog the Wrathful
   606 | D        | Found a burning altar of Makhleb.
   606 | D        | Found a viscous altar of Jiyva.
   606 | D        | Found a shimmering altar of Xom.
   606 | D        | Found a corrupted altar of Lugonu.
   606 | D        | Noticed a slime creature
   617 | D        | Killed a slime creature
   858 | D        | Noticed a centaur warrior
   858 | D        | Noticed a centaur warrior
   917 | D        | Slain by a centaur warrior

Skill      XL: |  1  2  3  4  5  6  7 |
---------------+----------------------+-----
Fighting       | 5 6 8 10 | 10.7
Throwing       | 5 6 7 8 9 |  9.1
Dodging        | 3 4 6 7 |  7.6
Maces & Flails | 4 7 8 9 |  9.5
Stealth        | |  0.6

Action                   |  1- 3 |  4- 6 |  7- 9 || total
-------------------------+-------+-------+-------++-------
Melee: Club              |       |    18 |    10 ||    28
       Giant spiked club |       |       |     2 ||     2
Throw: Large rock        |     5 |       |       ||     5
  Use: Potion            |       |       |     3 ||     3
 Stab: Sleeping          |       |     2 |       ||     2
Armor: Robe              |       |     3 |       ||     3
Dodge: Dodged            |     1 |     4 |     6 ||    11
